Workbook

Sheet t001-eng
A1: Table 1 – Gross domestic product by income account – Seasonally adjusted at annual rates
A2: 소득 계정별 국내총생산 - 연율 계절조정계열
C4: First quarter 2024 | D4: Second quarter 2024 | E4: Third quarter 2024 | F4: Fourth quarter 2024 | G4: First quarter 2025 | H4: Second quarter 2025 | I4: First quarter 2025 | J4: Second quarter 2025
C5: quarter-to-quarter % change | D5: quarter-to-quarter % change | E5: quarter-to-quarter % change | F5: quarter-to-quarter % change | G5: quarter-to-quarter % change | H5: quarter-to-quarter % change | I5: millions of dollars | J5: millions of dollars
C6: 전기대비 백분율 변화 | D6: 전기대비 백분율 변화 | E6: 전기대비 백분율 변화 | F6: 전기대비 백분율 변화 | G6: 전기대비 백분율 변화 | H6: 전기대비 백분율 변화 | I6: 백만 달러 | J6: 백만 달러
A7: Compensation of employees | B7: 근로자 임금 | C7: 1.6 | D7: 1.8 | E7: 1.9 | F7: 0.8 | G7: 0.8 | H7: 0.2 | I7: 1607648 | J7: 1610296
A8: Gross operating surplus | B8: 총영업잉여금 | C8: -4.5 | D8: 2.2 | E8: -0.4 | F8: 3.7 | G8: 1.6 | H8: -1.6 | I8: 851428 | J8: 838008
A9: Gross mixed income | B9: 총혼합소득 | C9: 1.4 | D9: 2.7 | E9: 3 | F9: 2.5 | G9: 0 | H9: 0.7 | I9: 397480 | J9: 400256
A10: Taxes less subsidies on production | B10: 생산세; 보조금 제외 | C10: 8.9 | D10: -3.4 | E10: 1.6 | F10: -10.1 | G10: 10.8 | H10: -0.5 | I10: 111036 | J10: 110444
A11: Taxes less subsidies on products and imports | B11: 생산세 및 수입세; 보조금 제외 | C11: 4.2 | D11: 0.3 | E11: -1.1 | F11: 0.8 | G11: 1.5 | H11: -2.3 | I11: 209332 | J11: 204548
A12: Statistical discrepancy (millions of dollars) | B12: 통계적 불일치, 백만 달러 | C12: -1180 | D12: -1096 | E12: 388 | F12: 228 | G12: -1068 | H12: 944 | I12: -1876 | J12: -932
A14: Gross domestic product at market prices | B14: 시장가격 국내총생산 | C14: 0.3 | D14: 1.7 | E14: 1.2 | F14: 1.4 | G14: 1.2 | H14: -0.4 | I14: 3175048 | J14: 3162620
A16: Source(s):
A17: Table 36-10-0103-01.

Sheet t002-eng
A1: Table 2 – Real gross domestic product by expenditure account, quarterly change – Seasonally adjusted at annual rates, chained (2017) dollars
A2: 지출 계정별 실질 국내총생산, 전기대비 변화 - 연율 계절조정계열, 2017년 연쇄달러
C4: First quarter 2024 | D4: Second quarter 2024 | E4: Third quarter 2024 | F4: Fourth quarter 2024 | G4: First quarter 2025 | H4: Second quarter 2025 | I4: First quarter 2025 | J4: Second quarter 2025
C5: quarter-to-quarter % change | D5: quarter-to-quarter % change | E5: quarter-to-quarter % change | F5: quarter-to-quarter % change | G5: quarter-to-quarter % change | H5: quarter-to-quarter % change | I5: millions of dollars | J5: millions of dollars
C6: 전기대비 백분율 변화 | D6: 전기대비 백분율 변화 | E6: 전기대비 백분율 변화 | F6: 전기대비 백분율 변화 | G6: 전기대비 백분율 변화 | H6: 전기대비 백분율 변화 | I6: 백만 달러 | J6: 백만 달러
A7: Final consumption expenditure | B7: 최종소비지출 | C7: 1 | D7: 0.7 | E7: 1.1 | F7: 1 | G7: 0.1 | H7: 1.1 | I7: 1982459 | J7: 2004878
A8: Household final consumption expenditure | B8: 가계 최종소비지출 | C8: 0.8 | D8: 0.4 | E8: 1.1 | F8: 1.2 | G8: 0.1 | H8: 1.1 | I8: 1395671 | J8: 1411059
A9: Non-profit institutions serving households' final consumption expenditure | B9: 가계에 봉사하는 비영리단체 최종소비지출 | C9: 0.4 | D9: 0.4 | E9: 0.8 | F9: 0.5 | G9: 0.6 | H9: 0.2 | I9: 38696 | J9: 38788
A10: General governments final consumption expenditure | B10: 정부 최종소비지출 | C10: 1.4 | D10: 1.4 | E10: 1.3 | F10: 0.6 | G10: -0.1 | H10: 1.3 | I10: 547464 | J10: 554367
A11: Gross fixed capital formation | B11: 총고정자본형성 | C11: 0.1 | D11: 0.8 | E11: -0.5 | F11: 2.2 | G11: -1.3 | H11: -0.1 | I11: 511943 | J11: 511490
A12: Business gross fixed capital formation | B12: 기업 총고정자본형성 | C12: -0.5 | D12: 0.6 | E12: -0.7 | F12: 2.3 | G12: -1.2 | H12: -0.6 | I12: 413456 | J12: 410942
A13: Residential structures | B13: 주거용 구조물 | C13: -1.1 | D13: -2.4 | E13: 1.3 | F13: 4 | G13: -3.2 | H13: 1.5 | I13: 154162 | J13: 156545
A14: Non-residential structures, machinery and equipment | B14: 비주거용 구조물, 기계 및 장비 | C14: -0.1 | D14: 3.6 | E14: -3.1 | F14: 1.1 | G14: 0.3 | H14: -2.6 | I14: 204671 | J14: 199318
A15: Intellectual property products | B15: 지식재산 제품 | C15: 0.1 | D15: 0.1 | E15: 1.6 | F15: 1 | G15: -0.4 | H15: -0.1 | I15: 60971 | J15: 60901
A16: General governments gross fixed capital formation | B16: 일반정부 총고정자본형성 | C16: 3.4 | D16: 1.7 | E16: 1 | F16: 1.8 | G16: -1.4 | H16: 2.1 | I16: 96107 | J16: 98159
A17: Investment in inventories (millions of dollars) | B17: 재고 투자, 백만 달러 | C17: -7230 | D17: 7448 | E17: -5244 | F17: -26035 | G17: 13915 | H17: 18985 | I17: 7913 | J17: 26898
A18: Exports of goods and services | B18: 상품 및 서비스 수출 | C18: -0.2 | D18: -1.2 | E18: -0.2 | F18: 1.7 | G18: 1.4 | H18: -7.5 | I18: 754705 | J18: 698086
... A23: Final domestic demand | B23: 최종국내수요 | C23: 0.8 | D23: 0.7 | E23: 0.8 | F23: 1.3 | G23: -0.2 | H23: 0.9 | I23: 2488291 | J23: 2509589
A25: Source(s):
A26: Table 36-10-0104-01.

Sheet t003-eng
A1: Table 3 – Real gross domestic product by expenditure account, annualized change – Seasonally adjusted at annual rates, chained (2017) dollars
A2: 지출 계정별 실질 국내총생산, 전년대비 변화 - 연율 계절조정계열, 2017년 연쇄달러
C4: First quarter 2024 | D4: Second quarter 2024 | E4: Third quarter 2024 | F4: Fourth quarter 2024 | G4: First quarter 2025 | H4: Second quarter 2025 | I4: First quarter 2025 | J4: Second quarter 2025
C5: quarter-to-quarter % change, annualized | D5: quarter-to-quarter % change, annualized | E5: quarter-to-quarter % change, annualized | F5: quarter-to-quarter % change, annualized | G5: quarter-to-quarter % change, annualized | H5: quarter-to-quarter % change, annualized | I5: millions of dollars | J5: millions of dollars
C6: 전기대비 백분율 변화, 연간 | D6: 전기대비 백분율 변화, 연간 | E6: 전기대비 백분율 변화, 연간 | F6: 전기대비 백분율 변화, 연간 | G6: 전기대비 백분율 변화, 연간 | H6: 전기대비 백분율 변화, 연간 | I6: 백만 달러 | J6: 백만 달러
A7: Final consumption expenditure | B7: =VLOOKUP(A7,'t002-eng'!A:B,2,0) -> 최종소비지출 | C7: 3.9 | D7: 2.7 | E7: 4.7 | F7: 4.1 | G7: 0.3 | H7: 4.6 | I7: 1982459 | J7: 2004878
A8: Household final consumption expenditure | B8: =VLOOKUP(A8,'t002-eng'!A:B,2,0) -> 가계 최종소비지출 | C8: 3.2 | D8: 1.7 | E8: 4.4 | F8: 4.9 | G8: 0.5 | H8: 4.5 | I8: 1395671 | J8: 1411059
A9: Non-profit institutions serving households' final consumption expenditure | B9: =VLOOKUP(A9,'t002-eng'!A:B,2,0) -> 가계에 봉사하는 비영리단체 최종소비지출 | C9: 1.5 | D9: 1.5 | E9: 3.2 | F9: 2.1 | G9: 2.4 | H9: 1 | I9: 38696 | J9: 38788
A10: General governments final consumption expenditure | B10: =VLOOKUP(A10,'t002-eng'!A:B,2,0) -> 정부 최종소비지출 | C10: 5.9 | D10: 5.6 | E10: 5.5 | F10: 2.4 | G10: -0.4 | H10: 5.1 | I10: 547464 | J10: 554367
A11: Gross fixed capital formation | B11: =VLOOKUP(A11,'t002-eng'!A:B,2,0) -> 총고정자본형성 | C11: 0.6 | D11: 3.3 | E11: -1.8 | F11: 9 | G11: -5 | H11: -0.4 | I11: 511943 | J11: 511490
A12: Business gross fixed capital formation | B12: =VLOOKUP(A12,'t002-eng'!A:B,2,0) -> 기업 총고정자본형성 | C12: -2.1 | D12: 2.6 | E12: -2.9 | F12: 9.4 | G12: -4.9 | H12: -2.4 | I12: 413456 | J12: 410942
A13: Residential structures | B13: =VLOOKUP(A13,'t002-eng'!A:B,2,0) -> 주거용 구조물 | C13: -4.5 | D13: -9.4 | E13: 5.4 | F13: 16.8 | G13: -12.2 | H13: 6.3 | I13: 154162 | J13: 156545
A14: Non-residential structures, machinery and equipment | B14: =VLOOKUP(A14,'t002-eng'!A:B,2,0) -> 비주거용 구조물, 기계 및 장비 | C14: -0.6 | D14: 15 | E14: -11.9 | F14: 4.7 | G14: 1.1 | H14: -10.1 | I14: 204671 | J14: 199318
A15: Intellectual property products | B15: =VLOOKUP(A15,'t002-eng'!A:B,2,0) -> 지식재산 제품 | C15: 0.6 | D15: 0.3 | E15: 6.4 | F15: 4.1 | G15: -1.4 | H15: -0.5 | I15: 60971 | J15: 60901
A16: General governments gross fixed capital formation | B16: =VLOOKUP(A16,'t002-eng'!A:B,2,0) -> 일반정부 총고정자본형성 | C16: 14.2 | D16: 6.8 | E16: 4 | F16: 7.3 | G16: -5.6 | H16: 8.8 | I16: 96107 | J16: 98159
A17: Investment in inventories (millions of dollars) | B17: =VLOOKUP(A17,'t002-eng'!A:B,2,0) -> 재고 투자, 백만 달러 | C17: -7230 | D17: 7448 | E17: -5244 | F17: -26035 | G17: 13915 | H17: 18985 | I17: 7913 | J17: 26898
A18: Exports of goods and services | B18: =VLOOKUP(A18,'t002-eng'!A:B,2,0) -> 상품 및 서비스 수출 | C18: -0.7 | D18: -4.8 | E18: -0.6 | F18: 7.1 | G18: 5.8 | H18: -26.8 | I18: 754705 | J18: 698086
... A23: Final domestic demand | B23: =VLOOKUP(A23,'t002-eng'!A:B,2,0) -> 최종국내수요 | C23: 3.2 | D23: 2.9 | E23: 3.2 | F23: 5.2 | G23: -0.9 | H23: 3.5 | I23: 2488291 | J23: 2509589
A25: Source(s):
A26: Table 36-10-0104-01.

Sheet t004-eng
A1: Table 4 – Real gross domestic product by expenditure account – Seasonally adjusted at annual rates
A2: 지출 계정별 실질 국내총생산 - 연율 계절조정계열
E4: Second quarter 2025
C5: First quarter 2025 | D5: Second quarter 2025 | E5: Contributions to percent change in real gross domestic product | F5: Contributions to percent change in implicit price indexes | G5: Annualized contributions to percent change in real gross domestic product
C6: millions of chained (2017) dollars | D6: millions of chained (2017) dollars | E6: percentage points | F6: percentage points | G6: percentage points
C7: 백만 연쇄(2017년) 달러 | D7: 백만 연쇄(2017년) 달러 | E7: 실질 국내총생산 백분율 변화에 대한 기여도 | F7: GDP 디플레이터 백분율 변화에 대한 기여도 | G7: 실질 국내총생산 백분율 변화에 대한 연간 기여도
E8: 퍼센트 포인트 | F8: 퍼센트 포인트 | G8: 퍼센트 포인트
A9: Final consumption expenditure | B9: 최종소비지출 | C9: 1982459 | D9: 2004878 | E9: 0.874 | F9: 0.177 | G9: 3.479
A10: Household final consumption expenditure | B10: 가계 최종소비지출 | C10: 1395671 | D10: 1411059 | E10: 0.595 | F10: 0.069 | G10: 2.366
A11: Goods | B11: 상품 | C11: 606481 | D11: 613439 | E11: 0.268 | F11: -0.245 | G11: 1.066
A12: Durable goods | B12: 내구재 | C12: 184389 | D12: 189009 | E12: 0.177 | F12: 0.018 | G12: 0.704
A13: Semi-durable goods | B13: 준내구재 | C13: 109525 | D13: 110711 | E13: 0.039 | F13: 0.022 | G13: 0.155
A14: Non-durable goods | B14: 비내구재 | C14: 314116 | D14: 315410 | E14: 0.052 | F14: -0.284 | G14: 0.207
A15: Services | B15: 서비스 | C15: 791536 | D15: 799993 | E15: 0.327 | F15: 0.314 | G15: 1.3
A16: Non-profit institutions serving households' final consumption expenditure | B16: 가계에 봉사하는 비영리단체 최종소비지출 | C16: 38696 | D16: 38788 | E16: 0.004 | F16: 0.007 | G16: 0.016
A17: General governments final consumption expenditure | B17: 정부 최종소비지출 | C17: 547464 | D17: 554367 | E17: 0.276 | F17: 0.101 | G17: 1.097
A18: Gross fixed capital formation | B18: 총고정자본형성 | C18: 511943 | D18: 511490 | E18: -0.02 | F18: 0.096 | G18: -0.076
A19: Business gross fixed capital formation | B19: 기업 총고정자본형성 | C19: 413456 | D19: 410942 | E19: -0.112 | F19: 0.093 | G19: -0.446
A20: Residential structures | B20: 주거용 구조물 | C20: 154162 | D20: 156545 | E20: 0.115 | F20: 0.011 | G20: 0.457
... A37: Final domestic demand | B37: 최종국내수요 | C37: 2488291 | D37: 2509589 | E37: 0.854 | F37: 0.273 | G37: 3.403
A39: Source(s):
A40: Tables 36-10-0104-01 and 36-10-0106-01.

Sheet t005-eng
A1: Table 5 – Canadian economic accounts key indicators – Seasonally adjusted
A2: 캐나다 경제 계정 주요 지표 - 계절조정계열
C4: First quarter 2024 | D4: Second quarter 2024 | E4: Third quarter 2024 | F4: Fourth quarter 2024 | G4: First quarter 2025 | H4: Second quarter 2025
A5: Economy-wide | B5: 경제 전반
A6: Real gross domestic income (index 2017=100) | B6: 실질 국내총소득, 2017=100 | C6: 114.3 | D6: 115 | E6: 115.4 | F6: 116.1 | G6: 116.5 | H6: 115.7
A7: Gross domestic product deflator (index 2017=100) | B7: 국내총생산 디플레이터, 2017=100 | C7: 125.2 | D7: 126.5 | E7: 127.3 | F7: 128.4 | G7: 129.3 | H7: 129.3
A8: Terms of trade (index 2017=100) | B8: 교역조건, 2017=100 | C8: 107.2 | D8: 107.3 | E8: 106.3 | F8: 106.6 | G8: 106.2 | H8: 105
A10: Household sector | B10: 가계 부문
A11: Household disposable income (millions of dollars) | B11: 가계 처분가능소득, 백만 달러 | C11: 1647432 | D11: 1693884 | E11: 1740756 | F11: 1751448 | G11: 1768072 | H11: 1773656
A12: Household net saving (millions of dollars) | B12: 가계 순저축, 백만 달러 | C12: 76704 | D12: 104396 | E12: 125980 | F12: 105244 | G12: 105552 | H12: 88680
A13: Household saving rate (%) | B13: 가계 저축률, % | C13: 4.7 | D13: 6.2 | E13: 7.2 | F13: 6 | G13: 6 | H13: 5
A15: Government sector | B15: 정부 부문
A16: General government disposable income (millions of dollars) | B16: 일반정부 처분가능소득, 백만 달러 | C16: 676928 | D16: 674920 | E16: 669172 | F16: 673140 | G16: 698016 | H16: 688516
A17: General government net saving (millions of dollars) | B17: 일반정부 순저축, 백만 달러 | C17: 36480 | D17: 15596 | E17: -9176 | F17: -12588 | G17: 4148 | H17: -17312
A19: Corporate sector | B19: 기업 부문
A20: Non-financial corporations' net operating surplus (millions of dollars) | B20: 비금융 기업 순영업잉여금, 백만 달러 | C20: 342848 | D20: 352888 | E20: 344124 | F20: 369340 | G20: 373824 | H20: 356664
A21: Financial corporations' net operating surplus (millions of dollars) | B21: 금융 기업 순영업잉여금, 백만 달러 | C21: 48812 | D21: 49552 | E21: 50232 | F21: 50072 | G21: 52128 | H21: 54584
A22: Non-financial corporations' net saving (millions of dollars) | B22: 비금융 기업 순저축, 백만 달러 | C22: -20288 | D22: -34324 | E22: -54112 | F22: -28200 | G22: -33724 | H22: -41196
A23: Financial corporations' net saving (millions of dollars) | B23: 금융 기업 순저축, 백만 달러 | C23: 62132 | D23: 61424 | E23: 85016 | F23: 75704 | G23: 65232 | H23: 66136
A25: National | B25: 국민
A26: National net saving (millions of dollars) | B26: 국민 순저축, 백만 달러 | C26: 156444 | D26: 149372 | E26: 145628 | F26: 140064 | G26: 140732 | H26: 97204
A27: National saving rate (%) | B27: 국민 저축률, % | C27: 6.4 | D27: 6 | E27: 5.7 | F27: 5.5 | G27: 5.4 | H27: 3.8
A29: Source(s):
A30: Tables 36-10-0105-01, 36-10-0106-01, 36-10-0111-01, 36-10-0112-01, 36-10-0118-01 and 36-10-0116-01.

Sheet t006-eng
A1: Table 6 – Real gross domestic product by expenditure account, year-over-year change – Seasonally adjusted at annual rates, chained (2017) dollars
A2: 지출 계정별 실질 국내총생산, 전년대비 변화 - 연율 계절조정계열, 2017년 연쇄달러
C4: 2019 | D4: 2020 | E4: 2021 | F4: 2022 | G4: 2023 | H4: 2024 | I4: 2023 | J4: 2024
C5: year-over-year % change | D5: year-over-year % change | E5: year-over-year % change | F5: year-over-year % change | G5: year-over-year % change | H5: year-over-year % change | I5: millions of dollars | J5: millions of dollars
C6: 전년대비 백분율 변화 | D6: 전년대비 백분율 변화 | E6: 전년대비 백분율 변화 | F6: 전년대비 백분율 변화 | G6: 전년대비 백분율 변화 | H6: 전년대비 백분율 변화 | I6: 백만 달러 | J6: 백만 달러
A7: Final consumption expenditure | B7: =VLOOKUP(A7,'t002-eng'!A:B,2,0) -> 최종소비지출 | C7: 1.5 | D7: -4.2 | E7: 5.7 | F7: 4.8 | G7: 2 | H7: 2.7 | I7: 1899825 | J7: 1951712
A8: Household final consumption expenditure | B8: =VLOOKUP(A8,'t002-eng'!A:B,2,0) -> 가계 최종소비지출 | C8: 1.5 | D8: -6.4 | E8: 5.9 | F8: 5.5 | G8: 1.8 | H8: 2.4 | I8: 1340909 | J8: 1372673
A9: Non-profit institutions serving households' final consumption expenditure | B9: =VLOOKUP(A9,'t002-eng'!A:B,2,0) -> 가계에 봉사하는 비영리단체 최종소비지출 | C9: 3.2 | D9: 0.4 | E9: 0.3 | F9: 5.8 | G9: 3.9 | H9: 2 | I9: 37381 | J9: 38127
A10: General governments final consumption expenditure | B10: =VLOOKUP(A10,'t002-eng'!A:B,2,0) -> 정부 최종소비지출 | C10: 1.1 | D10: 1.3 | E10: 5.6 | F10: 3.2 | G10: 2.2 | H10: 3.7 | I10: 520941 | J10: 540241
A11: Gross fixed capital formation | B11: =VLOOKUP(A11,'t002-eng'!A:B,2,0) -> 총고정자본형성 | C11: 0.8 | D11: -3.8 | E11: 8.8 | F11: -1.2 | G11: -1.6 | H11: 0.1 | I11: 509843 | J11: 510330
A12: Business gross fixed capital formation | B12: =VLOOKUP(A12,'t002-eng'!A:B,2,0) -> 기업 총고정자본형성 | C12: 1.6 | D12: -5 | E12: 10.4 | F12: -1.5 | G12: -2.8 | H12: -1.4 | I12: 418328 | J12: 412552
A13: Residential structures | B13: =VLOOKUP(A13,'t002-eng'!A:B,2,0) -> 주거용 구조물 | C13: -0.8 | D13: 2.9 | E13: 14 | F13: -10.6 | G13: -8.5 | H13: -0.6 | I13: 155638 | J13: 154647
A14: Non-residential structures, machinery and equipment | B14: =VLOOKUP(A14,'t002-eng'!A:B,2,0) -> 비주거용 구조물, 기계 및 장비 | C14: 3.2 | D14: -12.3 | E14: 6.7 | F14: 6.4 | G14: 1 | H14: -2.4 | I14: 208863 | J14: 203814
A15: Intellectual property products | B15: =VLOOKUP(A15,'t002-eng'!A:B,2,0) -> 지식재산 제품 | C15: 3.7 | D15: -0.4 | E15: 13.7 | F15: 9.7 | G15: 4 | H15: 0 | I15: 60233 | J15: 60255
A16: General governments gross fixed capital formation | B16: =VLOOKUP(A16,'t002-eng'!A:B,2,0) -> 일반정부 총고정자본형성 | C16: -3 | D16: 2.2 | E16: 0.9 | F16: -0.5 | G16: 4.8 | H16: 7.3 | I16: 88841 | J16: 95361
A17: Investment in inventories (millions of dollars) | B17: =VLOOKUP(A17,'t002-eng'!A:B,2,0) -> 재고 투자, 백만 달러 | C17: -4104 | D17: -27796 | E17: 20384 | F17: 40940 | G17: -25624 | H17: -11213 | I17: 25497 | J17: 14284
A18: Exports of goods and services | B18: =VLOOKUP(A18,'t002-eng'!A:B,2,0) -> 상품 및 서비스 수출 | C18: 2.3 | D18: -9 | E18: 3.3 | F18: 4.2 | G18: 5 | H18: 0.6 | I18: 733384 | J18: 737419
... A23: Final domestic demand | B23: =VLOOKUP(A23,'t002-eng'!A:B,2,0) -> 최종국내수요 | C23: 1.3 | D23: -4.1 | E23: 6.4 | F23: 3.3 | G23: 1.1 | H23: 2.1 | I23: 2405572 | J23: 2456620
A25: Source(s):
A26: Table 36-10-0104-01.

Sheet 출처
B2: Gross domestic product, income and expenditure
B3: 자료 원본: | C3: https://www150.statcan.gc.ca/n1/daily-quotidien/250829/dq250829a-eng.htm
